Connexion

LAS VEGAS Golden Knights vs ANAHEIM Ducks (R1)

Created - 23 août 2023 at 10:10

Goals
1 2 3 T
LAS VEGAS Golden Knights 0 1 0 1
ANAHEIM Ducks 0 2 1 3
Shots
1 2 3 T
LAS VEGAS Golden Knights 15 17 9 41
ANAHEIM Ducks 7 9 7 23

GoalsPenalties
1st period
No Goal
Justin Holl (ANA) for Hooking (Minor) at 0:22
Nick Seeler (L-V) for Diving (Minor) at 2:03
Jakub Zboril (L-V) for Tripping (Minor) at 4:59
Robin Lehner (ANA) for Slashing (Minor) at 14:48 - Jordan Oesterle served the penalty.
2nd period
1. ANAHEIM Ducks , Elias Lindholm 3 (Ondrej Kase 6, Andrew Mangiapane 4) at 2:37
2. LAS VEGAS Golden Knights , Pavel Zacha 4 (Jack Johnson 3) at 9:59
3. ANAHEIM Ducks , Evan Rodrigues 4 (Kiefer Sherwood 2, David Savard 5) at 18:36 (PP)
Gustav Forsling (ANA) for Holding (Minor) at 6:16
Justin Holl (ANA) for Holding (Minor) at 11:05
Pavel Zacha (L-V) for Hooking (Minor) at 16:38
3rd period
4. ANAHEIM Ducks , Elias Lindholm 4 (Ondrej Kase 7, Alexis Lafreniere 2) at 16:55 (PP)
Colton Sissons (ANA) for Interference (Minor) at 4:08
Ryan Nugent-Hopkins (L-V) for Hooking (Minor) at 10:09
Cole Caufield (L-V) for High sticking (Minor) at 16:02
David Savard (ANA) for Slashing (Minor) at 18:39
Goalie Stats
Dan Vladar (L-V), 20 saves from 23 shots - (0,870), L, 2-3-0, 60:00 minutes
Robin Lehner (ANA), 40 saves from 41 shots - (0,976), W, 3-2-0, 60:00 minutes
3 StarsOfficial
1 - Robin Lehner (ANA)
2 - Elias Lindholm (ANA)
3 - Ondrej Kase (ANA)
Referees : Brad Meier and Tom Kowal
Linesman : Mark Wheler and Jean Morin
Game Note
No Game Note
Finance
Level 1 -- Attendance: 3899 (64,98%) -- Ticket Income 690 123 $
Level 2 -- Attendance: 4174 (100,00%) -- Ticket Income 354 790 $
Level 3 -- Attendance: 1422 (71,10%) -- Ticket Income 99 540 $
Level 4 -- Attendance: 2322 (58,05%) -- Ticket Income 120 744 $
Luxury Box -- Attendance: 278 (27,80%) -- Ticket Income 250 200 $
Game was played at the Honda Center.
Total Attendance: 12095 (70,43%)
Total Ticket Income: 1 515 397 $
Other Income: 303 079 $
Total Income: 1 818 476 $



Team Name Goals Shots Shots Attemp Shots Blocked PIM HIT PP PK FO%
LAS VEGAS Golden Knights 14185710170 / 6 (0%)253%
ANAHEIM Ducks 323511112292 / 5 (40%)047%

LAS VEGAS Golden Knights
Player Name POS G A P +/- PIM HIT SHT SB MP PP MP PP SHT PK MP PK SHT FO% FOT
Alex GalchenyukC/LW0000016012:420:0003:46050% 2
Alex KerfootC/LW000000608:560:0000:00058% 12
Artem AnisimovC/LW0000004118:144:4010:000100% 1
Brady SkjeiD0000010113:380:0000:0000% 0
Cole CaufieldRW0000202019:266:1700:0000% 2
Filip HronekD000-1003225:235:5333:4600% 0
J.T. MillerC/LW/RW0000002019:394:4001:25050% 22
Jack JohnsonD0111011012:570:0001:4600% 0
Jakub ZborilD000-1203023:455:0412:5800% 0
Joona KoppanenC/LW000000004:350:0000:0000% 0
Keegan KolesarRW000001008:560:0000:0000% 1
Kirby DachC/RW000000106:110:0001:36050% 12
Luke KuninC/RW0000040018:144:4000:000100% 1
Nick SeelerD0001231120:495:5213:4600% 0
Nikita ZaitsevD0000012223:265:0414:4400% 0
Pavel ZachaC/LW1010214023:536:1724:09055% 22
Philip KurashevC/LW/RW000000006:150:0001:4000% 1
Ryan Nugent-HopkinsC/LW0000246024:086:1714:24163% 16
ANAHEIM Ducks
Player Name POS G A P +/- PIM HIT SHT SB MP PP MP PP SHT PK MP PK SHT FO% FOT
Alexis LafreniereLW0110014016:083:4110:0000% 1
Andrew MangiapaneLW0110021020:574:2500:0000% 1
Caleb JonesD0000001024:494:3714:5900% 0
Colton SissonsC/LW/RW0000210211:530:0005:32059% 22
Dakota JoshuaC000001105:560:2400:20043% 7
Daniel SprongLW/RW0000001010:220:0004:180100% 1
David SavardD0110262124:294:3704:2200% 0
Dylan DemeloD0000010114:340:0003:4500% 0
Elias LindholmC/RW2020033120:133:4110:00038% 26
Evan RodriguesC/LW/RW1010012017:164:4920:00048% 23
Gustav ForslingD0000204122:583:5324:3500% 0
Jordan OesterleD0000030011:010:0000:1200% 0
Justin HollD0000470322:053:5304:0100% 0
Kiefer SherwoodC/LW/RW0110011015:114:4904:18020% 5
Lars EllerC/LW0000000112:090:0006:39050% 2
Mathias LaferriereRW000001005:590:0000:47050% 2
Ondrej KaseLW/RW0220013120:133:4120:0000% 0
Sonny MilanoLW/RW0000000012:270:0000:000100% 2



Play-by-Play

1st period


0:01 of 1st period - Elias Lindholm wins face-off versus Pavel Zacha in neutral zone.
0:09 of 1st period - Icing by Jakub Zboril.
0:10 of 1st period - Pavel Zacha wins face-off versus Alexis Lafreniere in LAS VEGAS Golden Knights zone.
0:15 of 1st period - Shot by Sonny Milano.
0:15 of 1st period - Shot Blocked by Filip Hronek.
0:22 of 1st period - Minor Penalty to Justin Holl for Hooking.
0:23 of 1st period - Colton Sissons wins face-off versus J.T. Miller in ANAHEIM Ducks zone.
0:32 of 1st period - Shot by Filip Hronek.
0:32 of 1st period - Stopped by Robin Lehner without a rebound.
0:33 of 1st period - Ryan Nugent-Hopkins wins face-off versus Kiefer Sherwood in ANAHEIM Ducks zone.
0:34 of 1st period - Shot by Pavel Zacha.
0:34 of 1st period - Shot Hit the Post.
0:58 of 1st period - Gustav Forsling is hit by Ryan Nugent-Hopkins.
1:02 of 1st period - Shot by Daniel Sprong.
1:02 of 1st period - Deflect By Kiefer Sherwood.
1:02 of 1st period - Shot Misses the Net.
1:12 of 1st period - Shot by Ryan Nugent-Hopkins.
1:12 of 1st period - Shot Misses the Net.
1:16 of 1st period - Shot by Jakub Zboril.
1:16 of 1st period - Shot Misses the Net.
2:02 of 1st period - Icing by J.T. Miller.
2:03 of 1st period - Colton Sissons wins face-off versus J.T. Miller in LAS VEGAS Golden Knights zone.
2:03 of 1st period - Minor Penalty to Nick Seeler for Diving.
2:04 of 1st period - Ryan Nugent-Hopkins wins face-off versus Colton Sissons in LAS VEGAS Golden Knights zone.
2:19 of 1st period - Shot by Colton Sissons.
2:19 of 1st period - Shot Misses the Net.
2:21 of 1st period - Shot by Lars Eller.
2:21 of 1st period - Shot Hit the Post.
2:45 of 1st period - Shot by Alexis Lafreniere.
2:45 of 1st period - Stopped by Dan Vladar without a rebound.
2:46 of 1st period - J.T. Miller wins face-off versus Evan Rodrigues in LAS VEGAS Golden Knights zone.
2:46 of 1st period - J.T. Miller is hit by Kiefer Sherwood.
3:14 of 1st period - Shot by Kiefer Sherwood.
3:14 of 1st period - Shot Misses the Net.
3:30 of 1st period - Shot by Ryan Nugent-Hopkins.
3:30 of 1st period - Stopped by Robin Lehner without a rebound.
3:31 of 1st period - J.T. Miller wins face-off versus Elias Lindholm in ANAHEIM Ducks zone.
3:58 of 1st period - Shot by Ondrej Kase.
3:58 of 1st period - Stopped by Dan Vladar without a rebound.
3:59 of 1st period - Evan Rodrigues wins face-off versus J.T. Miller in LAS VEGAS Golden Knights zone.
4:12 of 1st period - Shot by Dakota Joshua.
4:12 of 1st period - Stopped by Dan Vladar without a rebound.
4:13 of 1st period - Alex Kerfoot wins face-off versus Elias Lindholm in LAS VEGAS Golden Knights zone.
4:28 of 1st period - Shot by Alex Kerfoot.
4:28 of 1st period - Stopped by Robin Lehner with a rebound.
4:30 of 1st period - Shot by Alex Galchenyuk.
4:30 of 1st period - Shot Blocked by David Savard.
4:38 of 1st period - Shot by Alex Kerfoot.
4:38 of 1st period - Stopped by Robin Lehner without a rebound.
4:39 of 1st period - Evan Rodrigues wins face-off versus J.T. Miller in ANAHEIM Ducks zone.
4:52 of 1st period - Shot by Artem Anisimov.
4:52 of 1st period - Shot Misses the Net.
4:59 of 1st period - Minor Penalty to Jakub Zboril for Tripping.
5:00 of 1st period - Ryan Nugent-Hopkins wins face-off versus Elias Lindholm in LAS VEGAS Golden Knights zone.
5:09 of 1st period - Shot by Caleb Jones.
5:09 of 1st period - Stopped by Dan Vladar with a rebound.
5:12 of 1st period - Ondrej Kase is hit by Jack Johnson and loses puck.
5:39 of 1st period - Alex Galchenyuk is hit by Ondrej Kase.
6:00 of 1st period - Icing by Gustav Forsling.
6:01 of 1st period - Evan Rodrigues wins face-off versus Ryan Nugent-Hopkins in ANAHEIM Ducks zone.
6:10 of 1st period - Shot by Gustav Forsling.
6:10 of 1st period - Shot Misses the Net.
6:17 of 1st period - Icing by Justin Holl.
6:18 of 1st period - Ryan Nugent-Hopkins wins face-off versus Evan Rodrigues in ANAHEIM Ducks zone.
7:28 of 1st period - Icing by Caleb Jones.
7:29 of 1st period - Alex Kerfoot wins face-off versus Dakota Joshua in ANAHEIM Ducks zone.
7:32 of 1st period - Shot by Alex Kerfoot.
7:32 of 1st period - Shot Hit the Post.
7:38 of 1st period - Shot by Alex Galchenyuk.
7:38 of 1st period - Shot Misses the Net.
7:40 of 1st period - Shot by Alex Galchenyuk.
7:40 of 1st period - Stopped by Robin Lehner with a rebound.
7:42 of 1st period - Shot by Alex Kerfoot.
7:42 of 1st period - Shot Misses the Net.
7:47 of 1st period - Alex Galchenyuk is hit by David Savard and loses puck.
9:24 of 1st period - Pavel Zacha is hit by Jordan Oesterle and loses puck.
9:56 of 1st period - Icing by Jordan Oesterle.
9:57 of 1st period - Kirby Dach wins face-off versus Elias Lindholm in ANAHEIM Ducks zone.
10:31 of 1st period - Philip Kurashev is hit by Jordan Oesterle and loses puck.
10:40 of 1st period - Shot by Kirby Dach.
10:40 of 1st period - Stopped by Robin Lehner without a rebound.
10:41 of 1st period - Evan Rodrigues wins face-off versus J.T. Miller in ANAHEIM Ducks zone.
10:50 of 1st period - Shot by Alexis Lafreniere.
10:50 of 1st period - Shot Blocked by Filip Hronek.
10:52 of 1st period - Shot by Caleb Jones.
10:52 of 1st period - Shot Misses the Net.
10:54 of 1st period - Shot by Alexis Lafreniere.
10:54 of 1st period - Shot Blocked by Artem Anisimov.
12:16 of 1st period - Shot by Ryan Nugent-Hopkins.
12:16 of 1st period - Stopped by Robin Lehner without a rebound.
12:17 of 1st period - Alex Galchenyuk wins face-off versus Dakota Joshua in ANAHEIM Ducks zone.
12:22 of 1st period - Shot by Alex Kerfoot.
12:22 of 1st period - Stopped by Robin Lehner without a rebound.
12:23 of 1st period - Alex Kerfoot wins face-off versus Dakota Joshua in ANAHEIM Ducks zone.
12:24 of 1st period - Shot by Alex Galchenyuk.
12:24 of 1st period - Shot Misses the Net.
12:26 of 1st period - Shot by Keegan Kolesar.
12:26 of 1st period - Shot Misses the Net.
12:28 of 1st period - Shot by Alex Kerfoot.
12:28 of 1st period - Stopped by Robin Lehner with a rebound.
12:30 of 1st period - Shot by Alex Galchenyuk.
12:30 of 1st period - Stopped by Robin Lehner without a rebound.
12:31 of 1st period - Evan Rodrigues wins face-off versus Pavel Zacha in ANAHEIM Ducks zone.
12:48 of 1st period - Shot by Alexis Lafreniere.
12:48 of 1st period - Stopped by Dan Vladar without a rebound.
12:49 of 1st period - Colton Sissons wins face-off versus Alex Kerfoot in LAS VEGAS Golden Knights zone.
13:00 of 1st period - Shot by Daniel Sprong.
13:00 of 1st period - Stopped by Dan Vladar without a rebound.
13:01 of 1st period - Ryan Nugent-Hopkins wins face-off versus Evan Rodrigues in LAS VEGAS Golden Knights zone.
13:07 of 1st period - Brady Skjei is hit by Justin Holl and loses puck.
14:10 of 1st period - Shot by Elias Lindholm.
14:10 of 1st period - Shot Misses the Net.
14:12 of 1st period - Shot by David Savard.
14:12 of 1st period - Stopped by Dan Vladar without a rebound.
14:13 of 1st period - Colton Sissons wins face-off versus Keegan Kolesar in LAS VEGAS Golden Knights zone.
14:34 of 1st period - Shot by Alex Galchenyuk.
14:34 of 1st period - Stopped by Robin Lehner without a rebound.
14:35 of 1st period - J.T. Miller wins face-off versus Elias Lindholm in ANAHEIM Ducks zone.
14:48 of 1st period - Shot by Jakub Zboril.
14:48 of 1st period - Stopped by Robin Lehner without a rebound.
14:48 of 1st period - Minor Penalty to Robin Lehner for Slashing.
14:49 of 1st period - Lars Eller wins face-off versus Pavel Zacha in ANAHEIM Ducks zone.
14:58 of 1st period - Shot by Pavel Zacha.
14:58 of 1st period - Shot Misses the Net.
15:00 of 1st period - Shot by Pavel Zacha.
15:00 of 1st period - Shot Blocked by Lars Eller.
15:11 of 1st period - Icing by Pavel Zacha.
15:12 of 1st period - Colton Sissons wins face-off versus Ryan Nugent-Hopkins in LAS VEGAS Golden Knights zone.
15:12 of 1st period - Justin Holl is hit by Nick Seeler and loses puck.
16:59 of 1st period - Shot by Alex Galchenyuk.
16:59 of 1st period - Stopped by Robin Lehner without a rebound.
17:00 of 1st period - Evan Rodrigues wins face-off versus Kirby Dach in ANAHEIM Ducks zone.
17:13 of 1st period - Shot by Alexis Lafreniere.
17:13 of 1st period - Shot Hit the Post.
17:30 of 1st period - Shot by Joona Koppanen.
17:30 of 1st period - Shot Misses the Net.
17:32 of 1st period - Shot by Jack Johnson.
17:32 of 1st period - Stopped by Robin Lehner with a rebound.
17:34 of 1st period - Shot by Philip Kurashev.
17:34 of 1st period - Shot Blocked by Dylan Demelo.
17:36 of 1st period - Shot by Philip Kurashev.
17:36 of 1st period - Shot Misses the Net.
17:55 of 1st period - Icing by Ryan Nugent-Hopkins.
17:56 of 1st period - Pavel Zacha wins face-off versus Elias Lindholm in LAS VEGAS Golden Knights zone.
18:00 of 1st period - Icing by Ryan Nugent-Hopkins.
18:01 of 1st period - Pavel Zacha wins face-off versus Elias Lindholm in LAS VEGAS Golden Knights zone.
18:27 of 1st period - Shot by Pavel Zacha.
18:27 of 1st period - Stopped by Robin Lehner with a rebound.
18:29 of 1st period - Shot by Brady Skjei.
18:29 of 1st period - Shot Misses the Net.
18:42 of 1st period - Ryan Nugent-Hopkins is hit by David Savard and loses puck.
19:08 of 1st period - J.T. Miller is hit by Justin Holl and loses puck.
19:54 of 1st period - Icing by Nick Seeler.
19:55 of 1st period - Evan Rodrigues wins face-off versus Alex Kerfoot in LAS VEGAS Golden Knights zone.
Goals for this period are 0 for LAS VEGAS Golden Knights vs 0 for ANAHEIM Ducks .
Shots for this period are 15 for LAS VEGAS Golden Knights vs 7 for ANAHEIM Ducks .

2nd period


0:01 of 2nd period - Pavel Zacha wins face-off versus Elias Lindholm in neutral zone.
0:34 of 2nd period - Jakub Zboril is hit by Elias Lindholm and loses puck.
1:18 of 2nd period - Artem Anisimov is hit by Justin Holl and loses puck.
1:55 of 2nd period - Shot by Alex Kerfoot.
1:55 of 2nd period - Stopped by Robin Lehner without a rebound.
1:56 of 2nd period - Colton Sissons wins face-off versus Kirby Dach in ANAHEIM Ducks zone.
1:58 of 2nd period - Icing by Daniel Sprong.
1:59 of 2nd period - Pavel Zacha wins face-off versus Colton Sissons in ANAHEIM Ducks zone.
2:14 of 2nd period - Shot by Ryan Nugent-Hopkins.
2:14 of 2nd period - Stopped by Robin Lehner without a rebound.
2:15 of 2nd period - Alex Kerfoot wins face-off versus Elias Lindholm in ANAHEIM Ducks zone.
2:19 of 2nd period - Icing by Elias Lindholm.
2:20 of 2nd period - Pavel Zacha wins face-off versus Elias Lindholm in ANAHEIM Ducks zone.
2:37 of 2nd period - Shot by Ondrej Kase.
2:37 of 2nd period - Deflect By Elias Lindholm.
2:37 of 2nd period - Goal by Elias Lindholm - LAS VEGAS Golden Knights : 0 - ANAHEIM Ducks : 1.
2:38 of 2nd period - Evan Rodrigues wins face-off versus Alex Kerfoot in neutral zone.
2:41 of 2nd period - Nikita Zaitsev is hit by Justin Holl and loses puck.
3:01 of 2nd period - Shot by Sonny Milano.
3:01 of 2nd period - Shot Misses the Net.
3:09 of 2nd period - Shot by Evan Rodrigues.
3:09 of 2nd period - Shot Blocked by Brady Skjei.
3:39 of 2nd period - Ryan Nugent-Hopkins is hit by Elias Lindholm and loses puck.
3:50 of 2nd period - Shot by Elias Lindholm.
3:50 of 2nd period - Shot Misses the Net.
3:52 of 2nd period - Shot by Elias Lindholm.
3:52 of 2nd period - Shot Misses the Net.
3:54 of 2nd period - Shot by Elias Lindholm.
3:54 of 2nd period - Shot Misses the Net.
4:08 of 2nd period - Shot by Andrew Mangiapane.
4:08 of 2nd period - Stopped by Dan Vladar without a rebound.
4:09 of 2nd period - J.T. Miller wins face-off versus Colton Sissons in LAS VEGAS Golden Knights zone.
4:29 of 2nd period - Shot by Jack Johnson.
4:29 of 2nd period - Shot Blocked by Colton Sissons.
4:31 of 2nd period - Shot by J.T. Miller.
4:31 of 2nd period - Stopped by Robin Lehner without a rebound.
4:32 of 2nd period - Dakota Joshua wins face-off versus Kirby Dach in ANAHEIM Ducks zone.
4:37 of 2nd period - Philip Kurashev is hit by Dakota Joshua and loses puck.
4:42 of 2nd period - Shot by Dakota Joshua.
4:42 of 2nd period - Shot Misses the Net.
4:51 of 2nd period - Icing by Nikita Zaitsev.
4:52 of 2nd period - Kirby Dach wins face-off versus Elias Lindholm in LAS VEGAS Golden Knights zone.
4:52 of 2nd period - Kirby Dach is hit by Andrew Mangiapane.
5:19 of 2nd period - Icing by Joona Koppanen.
5:20 of 2nd period - Evan Rodrigues wins face-off versus Kirby Dach in LAS VEGAS Golden Knights zone.
5:24 of 2nd period - Icing by Philip Kurashev.
5:25 of 2nd period - Daniel Sprong wins face-off versus Philip Kurashev in LAS VEGAS Golden Knights zone.
5:28 of 2nd period - Shot by Kiefer Sherwood.
5:28 of 2nd period - Shot Misses the Net.
5:57 of 2nd period - Shot by Kiefer Sherwood.
5:57 of 2nd period - Stopped by Dan Vladar with a rebound.
5:59 of 2nd period - Shot by David Savard.
5:59 of 2nd period - Stopped by Dan Vladar without a rebound.
6:00 of 2nd period - J.T. Miller wins face-off versus Elias Lindholm in LAS VEGAS Golden Knights zone.
6:00 of 2nd period - Luke Kunin is hit by Elias Lindholm and loses puck.
6:09 of 2nd period - Shot by Artem Anisimov.
6:09 of 2nd period - Stopped by Robin Lehner without a rebound.
6:10 of 2nd period - Pavel Zacha wins face-off versus Evan Rodrigues in ANAHEIM Ducks zone.
6:16 of 2nd period - Minor Penalty to Gustav Forsling for Holding.
6:17 of 2nd period - Ryan Nugent-Hopkins wins face-off versus Colton Sissons in ANAHEIM Ducks zone.
6:30 of 2nd period - Shot by Filip Hronek.
6:30 of 2nd period - Stopped by Robin Lehner without a rebound.
6:31 of 2nd period - Luke Kunin wins face-off versus Colton Sissons in ANAHEIM Ducks zone.
7:28 of 2nd period - Shot by Pavel Zacha.
7:28 of 2nd period - Stopped by Robin Lehner without a rebound.
7:29 of 2nd period - Colton Sissons wins face-off versus Ryan Nugent-Hopkins in ANAHEIM Ducks zone.
7:57 of 2nd period - Shot by Filip Hronek.
7:57 of 2nd period - Shot Blocked by Justin Holl.
7:59 of 2nd period - Shot by Nick Seeler.
7:59 of 2nd period - Stopped by Robin Lehner with a rebound.
8:01 of 2nd period - Shot by Cole Caufield.
8:01 of 2nd period - Shot Misses the Net.
8:03 of 2nd period - Shot by Pavel Zacha.
8:03 of 2nd period - Shot Misses the Net.
8:05 of 2nd period - Shot by Ryan Nugent-Hopkins.
8:05 of 2nd period - Deflect By Pavel Zacha.
8:05 of 2nd period - Shot Misses the Net.
8:07 of 2nd period - Shot by Filip Hronek.
8:07 of 2nd period - Stopped by Robin Lehner with a rebound.
8:09 of 2nd period - Shot by Pavel Zacha.
8:09 of 2nd period - Stopped by Robin Lehner without a rebound.
8:10 of 2nd period - Artem Anisimov wins face-off versus Kiefer Sherwood in ANAHEIM Ducks zone.
8:36 of 2nd period - Shot by Keegan Kolesar.
8:36 of 2nd period - Shot Blocked by Ondrej Kase.
8:38 of 2nd period - Shot by Alex Galchenyuk.
8:38 of 2nd period - Shot Misses the Net.
8:42 of 2nd period - Shot by Alex Galchenyuk.
8:42 of 2nd period - Stopped by Robin Lehner without a rebound.
8:43 of 2nd period - Evan Rodrigues wins face-off versus J.T. Miller in ANAHEIM Ducks zone.
8:43 of 2nd period - Evan Rodrigues is hit by Luke Kunin.
9:06 of 2nd period - Shot by Alexis Lafreniere.
9:06 of 2nd period - Stopped by Dan Vladar with a rebound.
9:08 of 2nd period - Shot by Gustav Forsling.
9:08 of 2nd period - Stopped by Dan Vladar without a rebound.
9:09 of 2nd period - Elias Lindholm wins face-off versus Cole Caufield in LAS VEGAS Golden Knights zone.
9:28 of 2nd period - Shot by Ondrej Kase.
9:28 of 2nd period - Deflect By Elias Lindholm.
9:28 of 2nd period - Stopped by Dan Vladar without a rebound.
9:29 of 2nd period - J.T. Miller wins face-off versus Evan Rodrigues in LAS VEGAS Golden Knights zone.
9:41 of 2nd period - Shot by J.T. Miller.
9:41 of 2nd period - Shot Misses the Net.
9:43 of 2nd period - Shot by Artem Anisimov.
9:43 of 2nd period - Shot Misses the Net.
9:45 of 2nd period - Shot by Jakub Zboril.
9:45 of 2nd period - Stopped by Robin Lehner without a rebound.
9:46 of 2nd period - Pavel Zacha wins face-off versus Elias Lindholm in ANAHEIM Ducks zone.
9:59 of 2nd period - Shot by Pavel Zacha.
9:59 of 2nd period - Goal by Pavel Zacha - LAS VEGAS Golden Knights : 1 - ANAHEIM Ducks : 1.
10:00 of 2nd period - Sonny Milano wins face-off versus J.T. Miller in neutral zone.
10:13 of 2nd period - Shot by Evan Rodrigues.
10:13 of 2nd period - Deflect By Alexis Lafreniere.
10:13 of 2nd period - Shot Misses the Net.
10:15 of 2nd period - Shot by Evan Rodrigues.
10:15 of 2nd period - Shot Misses the Net.
10:17 of 2nd period - Shot by Gustav Forsling.
10:17 of 2nd period - Stopped by Dan Vladar without a rebound.
10:18 of 2nd period - Elias Lindholm wins face-off versus Pavel Zacha in LAS VEGAS Golden Knights zone.
10:33 of 2nd period - Shot by Cole Caufield.
10:33 of 2nd period - Shot Misses the Net.
10:37 of 2nd period - Shot by Pavel Zacha.
10:37 of 2nd period - Deflect By Cole Caufield.
10:37 of 2nd period - Stopped by Robin Lehner without a rebound.
10:38 of 2nd period - J.T. Miller wins face-off versus Colton Sissons in ANAHEIM Ducks zone.
10:38 of 2nd period - Filip Hronek is hit by Justin Holl and loses puck.
10:53 of 2nd period - Justin Holl is hit by Luke Kunin and loses puck.
11:05 of 2nd period - Minor Penalty to Justin Holl for Holding.
11:06 of 2nd period - Colton Sissons wins face-off versus Cole Caufield in ANAHEIM Ducks zone.
11:58 of 2nd period - Off-side.
11:59 of 2nd period - J.T. Miller wins face-off versus Colton Sissons in neutral zone.
12:06 of 2nd period - Shot by Jakub Zboril.
12:06 of 2nd period - Stopped by Robin Lehner without a rebound.
12:07 of 2nd period - Colton Sissons wins face-off versus J.T. Miller in ANAHEIM Ducks zone.
12:24 of 2nd period - Shot by J.T. Miller.
12:24 of 2nd period - Shot Blocked by Gustav Forsling.
12:26 of 2nd period - Shot by Luke Kunin.
12:26 of 2nd period - Shot Misses the Net.
12:28 of 2nd period - Shot by J.T. Miller.
12:28 of 2nd period - Shot Blocked by Colton Sissons.
12:30 of 2nd period - Shot by Nikita Zaitsev.
12:30 of 2nd period - Stopped by Robin Lehner without a rebound.
12:31 of 2nd period - Ryan Nugent-Hopkins wins face-off versus Kiefer Sherwood in ANAHEIM Ducks zone.
12:34 of 2nd period - Shot by Nick Seeler.
12:34 of 2nd period - Shot Misses the Net.
12:36 of 2nd period - Shot by Ryan Nugent-Hopkins.
12:36 of 2nd period - Stopped by Robin Lehner without a rebound.
12:37 of 2nd period - Colton Sissons wins face-off versus Ryan Nugent-Hopkins in ANAHEIM Ducks zone.
12:37 of 2nd period - Colton Sissons is hit by Pavel Zacha.
12:44 of 2nd period - Icing by Ryan Nugent-Hopkins.
12:45 of 2nd period - Colton Sissons wins face-off versus Ryan Nugent-Hopkins in LAS VEGAS Golden Knights zone.
12:47 of 2nd period - Lars Eller is hit by Nick Seeler and loses puck.
13:13 of 2nd period - Artem Anisimov is hit by Justin Holl and loses puck.
13:50 of 2nd period - Shot by Artem Anisimov.
13:50 of 2nd period - Stopped by Robin Lehner without a rebound.
13:51 of 2nd period - Pavel Zacha wins face-off versus Evan Rodrigues in ANAHEIM Ducks zone.
14:01 of 2nd period - Ryan Nugent-Hopkins is hit by David Savard and loses puck.
14:56 of 2nd period - Nick Seeler is hit by Colton Sissons and loses puck.
15:22 of 2nd period - Icing by Jack Johnson.
15:23 of 2nd period - Alex Kerfoot wins face-off versus Elias Lindholm in LAS VEGAS Golden Knights zone.
15:39 of 2nd period - Icing by Justin Holl.
15:40 of 2nd period - Elias Lindholm wins face-off versus J.T. Miller in ANAHEIM Ducks zone.
15:48 of 2nd period - Justin Holl is hit by Nikita Zaitsev and loses puck.
16:04 of 2nd period - Ondrej Kase is hit by Brady Skjei and loses puck.
16:38 of 2nd period - Minor Penalty to Pavel Zacha for Hooking.
16:39 of 2nd period - Kirby Dach wins face-off versus Evan Rodrigues in LAS VEGAS Golden Knights zone.
17:13 of 2nd period - Kiefer Sherwood is hit by Ryan Nugent-Hopkins and loses puck.
18:36 of 2nd period - Shot by Evan Rodrigues.
18:36 of 2nd period - Goal by Evan Rodrigues - LAS VEGAS Golden Knights : 1 - ANAHEIM Ducks : 2.
18:37 of 2nd period - Mathias Laferriere wins face-off versus J.T. Miller in neutral zone.
18:42 of 2nd period - Shot by Dakota Joshua.
18:42 of 2nd period - Shot Misses the Net.
19:12 of 2nd period - Icing by Jordan Oesterle.
19:13 of 2nd period - Kirby Dach wins face-off versus Dakota Joshua in ANAHEIM Ducks zone.
19:15 of 2nd period - Philip Kurashev is hit by Jordan Oesterle and loses puck.
19:41 of 2nd period - Icing by Gustav Forsling.
19:42 of 2nd period - Elias Lindholm wins face-off versus Pavel Zacha in ANAHEIM Ducks zone.
19:42 of 2nd period - Elias Lindholm is hit by Ryan Nugent-Hopkins.
Goals for this period are 1 for LAS VEGAS Golden Knights vs 2 for ANAHEIM Ducks .
Shots for this period are 17 for LAS VEGAS Golden Knights vs 9 for ANAHEIM Ducks .

3rd period


0:01 of 3rd period - Elias Lindholm wins face-off versus Pavel Zacha in neutral zone.
0:09 of 3rd period - Icing by Jakub Zboril.
0:10 of 3rd period - Pavel Zacha wins face-off versus Evan Rodrigues in LAS VEGAS Golden Knights zone.
0:17 of 3rd period - Shot by Pavel Zacha.
0:17 of 3rd period - Deflect By Cole Caufield.
0:17 of 3rd period - Stopped by Robin Lehner without a rebound.
0:18 of 3rd period - Elias Lindholm wins face-off versus Pavel Zacha in ANAHEIM Ducks zone.
0:32 of 3rd period - Cole Caufield is hit by David Savard and loses puck.
0:43 of 3rd period - Shot by Ryan Nugent-Hopkins.
0:43 of 3rd period - Stopped by Robin Lehner without a rebound.
0:44 of 3rd period - Evan Rodrigues wins face-off versus Alex Kerfoot in ANAHEIM Ducks zone.
0:49 of 3rd period - Keegan Kolesar is hit by Alexis Lafreniere and loses puck.
0:58 of 3rd period - Alexis Lafreniere is hit by Alex Galchenyuk and loses puck.
1:07 of 3rd period - Shot by Alexis Lafreniere.
1:07 of 3rd period - Stopped by Dan Vladar with a rebound.
2:03 of 3rd period - Icing by Jakub Zboril.
2:04 of 3rd period - Elias Lindholm wins face-off versus Pavel Zacha in LAS VEGAS Golden Knights zone.
2:05 of 3rd period - Shot by Ondrej Kase.
2:05 of 3rd period - Stopped by Dan Vladar without a rebound.
2:06 of 3rd period - Elias Lindholm wins face-off versus Pavel Zacha in LAS VEGAS Golden Knights zone.
2:14 of 3rd period - Cole Caufield is hit by Andrew Mangiapane and loses puck.
3:19 of 3rd period - David Savard is hit by Luke Kunin and loses puck.
4:08 of 3rd period - Minor Penalty to Colton Sissons for Interference.
4:09 of 3rd period - Ryan Nugent-Hopkins wins face-off versus Mathias Laferriere in ANAHEIM Ducks zone.
5:00 of 3rd period - Shot by J.T. Miller.
5:00 of 3rd period - Shot Blocked by Justin Holl.
5:02 of 3rd period - Shot by Artem Anisimov.
5:02 of 3rd period - Stopped by Robin Lehner without a rebound.
5:03 of 3rd period - Kiefer Sherwood wins face-off versus Ryan Nugent-Hopkins in ANAHEIM Ducks zone.
5:41 of 3rd period - Pavel Zacha is hit by Mathias Laferriere.
5:46 of 3rd period - Icing by Nikita Zaitsev.
5:47 of 3rd period - Ryan Nugent-Hopkins wins face-off versus Kiefer Sherwood in LAS VEGAS Golden Knights zone.
6:26 of 3rd period - Shot by Alexis Lafreniere.
6:26 of 3rd period - Deflect By Evan Rodrigues.
6:26 of 3rd period - Shot Misses the Net.
6:50 of 3rd period - Shot by Alexis Lafreniere.
6:50 of 3rd period - Shot Misses the Net.
7:02 of 3rd period - Ondrej Kase is hit by Keegan Kolesar and loses puck.
7:53 of 3rd period - Gustav Forsling is hit by Luke Kunin and loses puck.
8:22 of 3rd period - Shot by Joona Koppanen.
8:22 of 3rd period - Shot Misses the Net.
8:24 of 3rd period - Shot by Nikita Zaitsev.
8:24 of 3rd period - Stopped by Robin Lehner without a rebound.
8:25 of 3rd period - Pavel Zacha wins face-off versus Colton Sissons in ANAHEIM Ducks zone.
8:33 of 3rd period - Pavel Zacha is hit by David Savard and loses puck.
8:52 of 3rd period - Shot by Cole Caufield.
8:52 of 3rd period - Shot Misses the Net.
8:54 of 3rd period - Shot by Ryan Nugent-Hopkins.
8:54 of 3rd period - Stopped by Robin Lehner without a rebound.
8:55 of 3rd period - Sonny Milano wins face-off versus Kirby Dach in ANAHEIM Ducks zone.
9:50 of 3rd period - Icing by Caleb Jones.
9:51 of 3rd period - Pavel Zacha wins face-off versus Colton Sissons in ANAHEIM Ducks zone.
9:51 of 3rd period - Pavel Zacha is hit by David Savard.
9:55 of 3rd period - Shot by Ryan Nugent-Hopkins.
9:55 of 3rd period - Shot Misses the Net.
10:09 of 3rd period - Minor Penalty to Ryan Nugent-Hopkins for Hooking.
10:10 of 3rd period - Elias Lindholm wins face-off versus Alex Galchenyuk in LAS VEGAS Golden Knights zone.
10:15 of 3rd period - Shot by Gustav Forsling.
10:15 of 3rd period - Shot Misses the Net.
10:31 of 3rd period - Shot by Elias Lindholm.
10:31 of 3rd period - Shot Blocked by Nikita Zaitsev.
10:33 of 3rd period - Shot by Gustav Forsling.
10:33 of 3rd period - Stopped by Dan Vladar without a rebound.
10:34 of 3rd period - Kirby Dach wins face-off versus Evan Rodrigues in LAS VEGAS Golden Knights zone.
11:17 of 3rd period - Shot by Evan Rodrigues.
11:17 of 3rd period - Stopped by Dan Vladar with a rebound.
11:19 of 3rd period - Shot by Andrew Mangiapane.
11:19 of 3rd period - Shot Misses the Net.
11:45 of 3rd period - Shot by Ondrej Kase.
11:45 of 3rd period - Deflect By Elias Lindholm.
11:45 of 3rd period - Shot Blocked by Nick Seeler.
11:47 of 3rd period - Shot by Elias Lindholm.
11:47 of 3rd period - Shot Blocked by Nikita Zaitsev.
11:53 of 3rd period - Shot by Gustav Forsling.
11:53 of 3rd period - Stopped by Dan Vladar with a rebound.
11:55 of 3rd period - Shot by Elias Lindholm.
11:55 of 3rd period - Deflect By Ondrej Kase.
11:55 of 3rd period - Stopped by Dan Vladar without a rebound.
11:56 of 3rd period - Kirby Dach wins face-off versus Elias Lindholm in LAS VEGAS Golden Knights zone.
12:03 of 3rd period - Shot by Jakub Zboril.
12:03 of 3rd period - Shot Misses the Net.
13:10 of 3rd period - Cole Caufield is hit by Dylan Demelo and loses puck.
13:45 of 3rd period - Icing by Jordan Oesterle.
13:46 of 3rd period - Alex Kerfoot wins face-off versus Lars Eller in ANAHEIM Ducks zone.
13:47 of 3rd period - Shot by Keegan Kolesar.
13:47 of 3rd period - Shot Misses the Net.
13:49 of 3rd period - Shot by Alex Kerfoot.
13:49 of 3rd period - Stopped by Robin Lehner without a rebound.
13:50 of 3rd period - J.T. Miller wins face-off versus Elias Lindholm in ANAHEIM Ducks zone.
14:02 of 3rd period - Elias Lindholm is hit by Nick Seeler and loses puck.
14:26 of 3rd period - Shot by Artem Anisimov.
14:26 of 3rd period - Stopped by Robin Lehner without a rebound.
14:27 of 3rd period - Alex Kerfoot wins face-off versus Evan Rodrigues in ANAHEIM Ducks zone.
14:27 of 3rd period - Alex Kerfoot is hit by Justin Holl.
14:49 of 3rd period - Shot by Alex Galchenyuk.
14:49 of 3rd period - Shot Misses the Net.
14:51 of 3rd period - Shot by Alex Kerfoot.
14:51 of 3rd period - Shot Misses the Net.
14:53 of 3rd period - Shot by Filip Hronek.
14:53 of 3rd period - Shot Misses the Net.
14:55 of 3rd period - Shot by Alex Galchenyuk.
14:55 of 3rd period - Stopped by Robin Lehner without a rebound.
14:56 of 3rd period - Colton Sissons wins face-off versus Pavel Zacha in ANAHEIM Ducks zone.
15:11 of 3rd period - Off-side.
15:12 of 3rd period - J.T. Miller wins face-off versus Andrew Mangiapane in neutral zone.
15:29 of 3rd period - Shot by Artem Anisimov.
15:29 of 3rd period - Shot Blocked by Elias Lindholm.
15:33 of 3rd period - Shot by J.T. Miller.
15:33 of 3rd period - Stopped by Robin Lehner with a rebound.
15:35 of 3rd period - Shot by Artem Anisimov.
15:35 of 3rd period - Shot Misses the Net.
15:37 of 3rd period - Shot by J.T. Miller.
15:37 of 3rd period - Shot Blocked by Justin Holl.
16:02 of 3rd period - Minor Penalty to Cole Caufield for High sticking.
16:03 of 3rd period - Ryan Nugent-Hopkins wins face-off versus Evan Rodrigues in LAS VEGAS Golden Knights zone.
16:03 of 3rd period - Ryan Nugent-Hopkins is hit by Evan Rodrigues.
16:55 of 3rd period - Shot by Ondrej Kase.
16:55 of 3rd period - Deflect By Elias Lindholm.
16:55 of 3rd period - Goal by Elias Lindholm - LAS VEGAS Golden Knights : 1 - ANAHEIM Ducks : 3.
16:56 of 3rd period - Dakota Joshua wins face-off versus Kirby Dach in neutral zone.
16:58 of 3rd period - Off-side.
16:59 of 3rd period - Dakota Joshua wins face-off versus Alex Kerfoot in neutral zone.
18:35 of 3rd period - Shot by Ryan Nugent-Hopkins.
18:35 of 3rd period - Shot Misses the Net.
18:38 of 3rd period - Icing by David Savard.
18:39 of 3rd period - J.T. Miller wins face-off versus Evan Rodrigues in ANAHEIM Ducks zone.
18:39 of 3rd period - Minor Penalty to David Savard for Slashing.
18:40 of 3rd period - Colton Sissons wins face-off versus J.T. Miller in ANAHEIM Ducks zone.
19:35 of 3rd period - Colton Sissons is hit by Ryan Nugent-Hopkins and loses puck.
19:44 of 3rd period - Shot by Jakub Zboril.
19:44 of 3rd period - Shot Hit the Post.
Goals for this period are 0 for LAS VEGAS Golden Knights vs 1 for ANAHEIM Ducks .
Shots for this period are 9 for LAS VEGAS Golden Knights vs 7 for ANAHEIM Ducks .